 Dungeon Crawl Stone Soup version 0.19-a0-1895-g783e625 (console) character file.

8766 ChaseSP the Transmogrifier (level 11, -13/87 HPs)
             Began as a Merfolk Transmuter on Oct 18, 2016.
             Was a High Priest of Okawaru.
             Mangled by an efreet
             ... wielding a +1 scimitar of flaming
              (18 damage)
             ... on level 10 of the Dungeon.
             The game lasted 00:37:51 (14741 turns).

ChaseSP the Transmogrifier (Merfolk Transmuter)    Turns: 14741, Time: 00:37:52

Health: -13/87     AC:  6    Str: 11    XL:     11   Next: 36%
Magic:  6/14       EV: 16    Int: 12    God:    Okawaru [*****.]
Gold:   629        SH:  0    Dex: 18    Spells: 4 memorised, 0 levels left

rFire  x . .     SeeInvis .       - Unarmed
rCold  + + +     Gourm    .     (armour currently unavailable)
rNeg   . . .     Faith    .     (shield currently unavailable)
rPois  +         Spirit   .     (helmet currently unavailable)
rElec  .         Reflect  .     (cloak currently unavailable)
rCorr  .         Harm     .     (gloves currently unavailable)
MR     +....                    (boots currently unavailable)
Stlth  ++........               (no amulet)
                                (no ring)
                                u - ring of flight

@: ice-form, very slightly contaminated, heavily drained
A: (change form in water), (swift swim), (stealthy swim), (antennae 0), magic
resistance 1, MP-powered wands
a: End Transformation, Heroism, Finesse, Renounce Religion, Evoke Flight


You were on level 10 of the Dungeon.
You worshipped Okawaru.
Okawaru was extremely pleased with you.
You were not hungry.
You were a creature of crystalline ice.
You visited 1 branch of the dungeon, and saw 10 of its levels.
You also visited: Sewer.

You collected 629 gold pieces.

Inventory:

Missiles
 a - 175 arrows
 J - 2 steel tomahawks (quivered)
 S - 5 tomahawks of returning
Armour
 l - a +2 ring mail of poison resistance (melded)
 p - the +1 robe of the Game of Kings {rC+}
   (You took it off an orc on level 10 of the Dungeon)

   It protects you from cold.
 z - a +0 pair of gloves (melded)
 H - +0 steam dragon scales
 O - a +1 pair of boots (melded)
Jewellery
 u - a ring of flight (left front paw)
Wands
 f - a wand of lightning (10/15)
 D - a wand of slowing (43/48)
Scrolls
 e - 2 scrolls of magic mapping
 g - 5 scrolls of identify
 k - 4 scrolls of remove curse
 m - 6 scrolls of teleportation
 n - 3 scrolls of blinking
 o - a scroll of fog
 A - 2 scrolls of amnesia
 K - a scroll of enchant armour
Potions
 h - 3 potions of lignification
 i - 4 potions of resistance {unknown}
 j - 2 potions of ambrosia
 q - 2 potions of magic
 r - 4 potions of flight {unknown}
 v - a potion of brilliance
 w - a potion of invisibility {unknown}
 B - 2 potions of mutation {unknown}
 C - 3 potions of might {unknown}
 F - a potion of beneficial mutation {unknown}
Books
 c - a book of Changes

   Spells                             Type                      Level
   a - Beastly Appendage              Transmutation                1
   b - Sticks to Snakes               Transmutation                2
   c - Spider Form                    Transmutation/Poison         3
   d - Ice Form                       Ice/Transmutation            4
   e - Blade Hands                    Transmutation                5
 L - a book of Cantrips

   Spells                             Type                      Level
   a - Confusing Touch                Hexes                        1
   b - Animate Skeleton               Necromancy                   1
   c - Summon Small Mammal            Summoning                    1
   d - Apportation                    Translocation                1
 P - a book of Geomancy

   Spells                             Type                      Level
   a - Sandblast                      Earth                        1
   b - Passwall                       Transmutation/Earth          2
   c - Stone Arrow                    Conjuration/Earth            3
   d - Petrify                        Transmutation/Earth          4
   e - Lee's Rapid Deconstruction     Earth                        5
 R - a book of Necromancy

   Spells                             Type                      Level
   a - Pain                           Necromancy                   1
   b - Animate Skeleton               Necromancy                   1
   c - Vampiric Draining              Necromancy                   3
   d - Regeneration                   Charms/Necromancy            3
   e - Animate Dead                   Necromancy                   4
   f - Control Undead                 Necromancy                   4
Comestibles
 b - 7 chunks of flesh
 d - 5 bread rations
 s - 3 meat rations
 t - 6 fruits
 M - 10 royal jellies


   Skills:
 - Level 2.3(1.1) Fighting
 - Level 2.7(1.4) Armour
 + Level 10.4(8.9) Dodging
 + Level 9.7(8.2) Unarmed Combat
 - Level 2.0(0.8) Spellcasting
 * Level 12.5(10.9) Transmutations
 - Level 7.0(5.6) Ice Magic
 - Level 4.3(3.0) Poison Magic


You couldn't memorise any spells.
You knew the following spells:

 Your Spells              Type           Power        Failure   Level  Hunger
a - Blade Hands           Tmut           ####......   12%         5    ######.
b - Sticks to Snakes      Tmut           ####....     1%          2    ###....
c - Spider Form           Tmut/Pois      ###.......   6%          3    ####...
d - Ice Form              Ice/Tmut       ###.....     12%         4    #####..


Dungeon Overview and Level Annotations

Branches:
Dungeon (10/15)            Temple (0/1) D:7
   Lair: D:8-11         Orc: D:9-12

Altars:
Ashenzari
Cheibriados
Fedhas
Makhleb
Okawaru
Qazlal
Ru
Vehumet
Xom
Yredelemnul
Zin
The Shining One

Shops:
D:7 (*   D:10 :

Annotations:
D:7 1 runed door
D:10 2 runed doors


Innate Abilities, Weirdness & Mutations

((You revert to your normal form in water.))
((You are very nimble and swift while swimming.))
((You are very stealthy in the water. (Stealth+)))
((You have a pair of small antennae on your head.))
You are resistant to hostile enchantments. (MR+)
You expend magic power (3 MP) to strengthen your wands.


Message History

The efreet hits you with a scimitar of flaming!!
The efreet melts you!
You hit the efreet but do no damage.
The efreet is lightly wounded.
You hit the efreet but do no damage.
The efreet is lightly wounded.
The efreet gestures at you.
The fireball explodes!
The fireball engulfs you! The fire burns you terribly!
* * * LOW HITPOINT WARNING * * *
The fireball engulfs the efreet.
The efreet completely resists.
You punch the efreet! You freeze the efreet.
The efreet is moderately wounded.
The efreet hits you with a scimitar of flaming.
* * * LOW HITPOINT WARNING * * *
The efreet melts you.
* * * LOW HITPOINT WARNING * * *
You hit the efreet but do no damage.
The efreet is moderately wounded.
The efreet hits you with a scimitar of flaming!!
You die...

#####...#
#.......#
#.......#
#.......#
#.......#
#.......#
#.......#
#.......#
#####Y......#####
#...R..........)#
#.###.......###)#
#.......#
#.######
#....#'##
#....... ####.#.#
######## #...#
#####


You could see an efreet.

Vanquished Creatures
  A hornet (D:7)
  A two-headed ogre (D:8)
  3 hippogriffs
  Sigmund (D:6)
  4 yaks (D:9)
  A basilisk (D:10)
  A wyvern (D:8)
  2 steam dragons
  The ghost of troglydyte the Changer, an amateur OpTm (D:4)
  Edmund (D:6)
  A soldier ant (D:7)
  A water moccasin (D:7)
  Duvessa (D:6)
  4 sky beasts
  5 orc warriors
  2 ice beasts
  2 necrophages
  6 ogres
  3 phantoms
  3 centaurs
  3 big kobolds (Sewer)
  5 bullfrogs
  A gnoll sergeant (D:7)
  Dowan (D:6)
  7 scorpions
  5 wights (D:9)
  10 killer bees
  4 howler monkeys
  A bullfrog zombie (D:8)
  A centaur zombie (D:8)
  3 crimson imps
  9 jellies
  7 orc wizards
  A quasit (D:8)
  4 hounds
  2 centaur skeletons
  12 orc priests
  A bullfrog skeleton (D:6)
  4 iguanas
  9 worker ants
  A hound skeleton (D:8)
  3 worker ant zombies
  9 gnolls
  A howler monkey skeleton (D:9)
  7 adders
  3 river rats (Sewer)
  A shadow imp (D:10)
  8 oozes
  6 worms
  5 leopard geckos
  46 orcs
  7 ball pythons
  6 bats
  13 giant cockroaches
  6 goblins
  4 hobgoblins
  5 jackals
  11 kobolds
  3 quokkas
  A ball python skeleton (D:5)
  4 frilled lizards (D:2)
  8 rats
  A butterfly (D:7)
293 creatures vanquished.

Vanquished Creatures (collateral kills)
  A hound (D:5)
  2 worker ants
3 creatures vanquished.

Vanquished Creatures (others)
  A black bear (D:7)
  An iguana (D:7)
  A worker ant (D:7)
3 creatures vanquished.

Grand Total: 299 creatures vanquished

Notes
Turn   | Place    | Note
-------+----------+-------------------------------------------
     0 | D:1      | ChaseSP the Merfolk Transmuter began the quest for the Orb.
     0 | D:1      | Reached XP level 1. HP: 15/15 MP: 3/3
    52 | D:1      | You fall through a shaft!
    52 | D:2      | Found a basalt altar of Yredelemnul.
    52 | D:2      | Found a faded altar of an unknown god.
    52 | D:2      | Found a glowing golden altar of the Shining One.
    52 | D:2      | Found a shattered altar of Ashenzari.
    55 | D:2      | Found a snail-covered altar of Cheibriados.
   428 | D:1      | Reached XP level 2. HP: 20/21 MP: 5/5
   432 | D:1      | Learned a level 2 spell: Sticks to Snakes
   627 | D:1      | Reached skill level 3 in Transmutations
  1264 | D:1      | Reached XP level 3. HP: 22/26 MP: 6/6
  1269 | D:1      | Learned a level 3 spell: Spider Form
  1306 | D:2      | Reached skill level 4 in Transmutations
  1529 | D:2      | Reached skill level 1 in Poison Magic
  2107 | D:2      | Reached XP level 4. HP: 32/32 MP: 7/7
  2631 | D:3      | Found a faded altar of an unknown god.
  2953 | D:3      | Noticed a bullfrog
  3323 | D:4      | Found a glowing silver altar of Zin.
  3325 | D:4      | Found a radiant altar of Vehumet.
  3373 | D:4      | Reached XP level 5. HP: 32/37 MP: 6/8
  3714 | D:4      | Noticed troglydyte's ghost (amateur OpTm)
  3726 | D:5      | Entered Level 5 of the Dungeon
  3726 | D:5      | Noticed an ogre
  3734 | D:5      | Killed an ogre
  3734 | D:5      | Reached skill level 5 in Transmutations
  3734 | D:5      | Reached XP level 6. HP: 40/43 MP: 5/9
  4156 | D:5      | Reached skill level 5 in Unarmed Combat
  4398 | D:5      | Reached XP level 7. HP: 4/48 MP: 3/10
  4934 | D:5      | Found a shimmering altar of Xom.
  5639 | D:6      | Noticed Edmund
  5717 | D:6      | Found an iron altar of Okawaru.
  5728 | D:6      | Killed Edmund
  5751 | D:6      | Became a worshipper of Warmaster Okawaru
  5776 | D:6      | Reached XP level 8. HP: 37/54 MP: 11/11
  5799 | D:6      | Found a glowing drain.
  5808 | Sewer    | Entered a sewer
  5945 | Sewer    | Reached skill level 6 in Transmutations
  6032 | Sewer    | Learned a level 4 spell: Ice Form
  6105 | Sewer    | Reached skill level 1 in Ice Magic
  6147 | D:6      | Noticed Sigmund
  6172 | D:6      | Killed Sigmund
  6198 | D:6      | Noticed Duvessa
  6202 | D:6      | Noticed Dowan
  6214 | D:6      | Killed Duvessa
  6214 | D:6      | Reached * piety under Okawaru
  6219 | D:6      | Killed Dowan
  6320 | D:6      | Gained mutation: You are resistant to hostile enchantments. (MR+) [mutagenic meat]
  6323 | D:6      | Gained mutation: You have a pair of small antennae on your head. [mutagenic meat]
  6326 | D:6      | Gained mutation: You expend magic power (3 MP) to strengthen your wands. [mutagenic meat]
  6595 | D:6      | Reached skill level 5 in Ice Magic
  6595 | D:6      | Reached XP level 9. HP: 47/59 MP: 12/12
  6704 | D:6      | Found a blossoming altar of Fedhas.
  7164 | D:5      | Reached skill level 7 in Transmutations
  7386 | D:4      | Killed troglydyte's ghost
  7573 | D:4      | Reached ** piety under Okawaru
  8008 | D:7      | Found a staircase to the Ecumenical Temple.
  8044 | D:7      | Reached skill level 5 in Dodging
  8049 | D:7      | Reached skill level 8 in Transmutations
  8084 | D:7      | Found a runed door.
  8096 | D:7      | Found a runed door.
  8195 | D:7      | Found Gitraz's Weapon Boutique.
  8349 | D:7      | Found Ofadd's Serpentskin Sales.
  8769 | D:7      | Reached skill level 9 in Transmutations
  8772 | D:7      | Noticed a hornet
  8782 | D:7      | Killed a hornet
  8782 | D:7      | Reached *** piety under Okawaru
  9069 | D:7      | Reached XP level 10. HP: 45/65 MP: 6/13
  9187 | D:7      | Found a stormy altar of Qazlal.
  9490 | D:7      | Reached skill level 10 in Transmutations
 10071 | D:8      | Reached skill level 1 in Armour
 10321 | D:8      | Reached **** piety under Okawaru
 10321 | D:8      | Received a gift from Okawaru
 11046 | D:8      | Found a sacrificial altar of Ru.
 11127 | D:8      | Reached skill level 11 in Transmutations
 12068 | D:9      | Found a burning altar of Makhleb.
 12381 | D:9      | Reached XP level 11. HP: 54/73 MP: 11/14
 12391 | D:9      | Learned a level 5 spell: Blade Hands
 12844 | D:9      | Received a gift from Okawaru
 12850 | D:9      | Reached skill level 12 in Transmutations
 13004 | D:9      | Reached ***** piety under Okawaru
 13004 | D:9      | Reached skill level 10 in Dodging
 13356 | D:10     | Entered Level 10 of the Dungeon
 13461 | D:10     | Found Gosofoaze's Book Emporium.
 14229 | D:10     | Got a steaming robe
 14230 | D:10     | Identified the +1 robe of the Game of Kings {rC+} (You took it off an orc on level 10 of the Dungeon)
 14234 | D:10     | Identified a scroll of acquirement
 14371 | D:10     | Found a large runed door.
 14371 | D:10     | Found a large runed door.
 14741 | D:10     | Mangled by an efreet

Vault maps used:
D:1:      lordsloth_arrival_two_stooges
D:2:      chequers_temple_overflow_minitemple
D:3:      first_bread, ecumenical_altar_1
D:4:      chequers_temple_overflow_statue_of_worship
D:5:      kennysheep_steamy, nicolae_overflow_hidden_temple
D:6:      lemuel_crystal_altar, okawaru_ov_weapons_minmay, portal_sewer_entry_f,
          uniq_sigmund, uniq_duvessa, uniq_edmund
D:7:      lemuel_insect_pit, nicolae_qazlal_eye_of_the_storm, serial_shops,
          nicolae_shop_behind_doors, minmay_misc_feat_doors, guppyfry_shop_venom
D:8:      lemuel_crystal_altar, special_room, hangedman_little_slice_of_home
D:9:      lemuel_doored_altar
D:10:     lair_0_dummy, serial_shops, kennysheep_mini, lightli_elemental_guards
Sewer:    sewer_co_15_rooms

Skill      XL: |  1  2  3  4  5  6  7  8  9 10 11 |
---------------+----------------------------------+-----
Unarmed Combat | 4 5 8 9 |  9.7
Transmutations | 3 4 5 6 9 11 12 | 12.5
Poison Magic   | 1 3 4 |  4.3
Ice Magic      | 5 6 7 |  7.0
Dodging        | 3 7 9 10 | 10.4
Armour         | 2 |  2.7
Fighting       | 2 |  2.3
Spellcasting   | |  2.0

Action                   |  1- 3 |  4- 6 |  7- 9 | 10-12 || total
-------------------------+-------+-------+-------+-------++-------
Melee: Unarmed           |   168 |   152 |   413 |   693 ||  1426
       Headbutt          |     4 |     3 |     2 |       ||     9
       Punch             |     4 |       |    11 |    16 ||    31
       Tailslap          |       |       |    13 |       ||    13
 Cast: Beastly Appendage |     2 |     2 |     1 |       ||     5
       Sticks to Snakes  |     1 |     7 |     3 |       ||    11
       Spider Form       |       |     4 |    17 |    16 ||    37
       Ice Form          |       |       |       |     6 ||     6
       Blade Hands       |       |       |       |     1 ||     1
 Abil: End Transformatio |       |       |       |     2 ||     2
  Use: Scroll            |     1 |     7 |    11 |     5 ||    24
       Potion            |       |     1 |     3 |    10 ||    14
  Eat: Chunk             |     3 |     8 |    20 |    22 ||    53
       Royal jelly       |       |     1 |       |       ||     1
       Pizza             |       |       |       |     1 ||     1
       Beef jerky        |       |       |       |     1 ||     1
Armor: Ring mail         |    68 |    27 |    64 |   111 ||   270
       Leather armour    |     1 |       |       |       ||     1
       Skin              |       |       |     1 |    15 ||    16
Dodge: Dodged            |   119 |    87 |   261 |   565 ||  1032
